 Dungeon Crawl Stone Soup version 0.31.0-11-ge490571c62 (webtiles) character file.

Game seed: 12946546315424801054

203 qw the Shooter (level 5, -3/26 HPs)
             Began as a Spriggan Hunter on Feb 5, 2024.
             Slain by a gnoll
             ... wielding a +1 spear of flaming
              (8 damage)
             ... on level 5 of the Dungeon.
             The game lasted 00:02:41 (3697 turns).

qw the Shooter (Spriggan Hunter)                    Turns: 3697, Time: 00:02:42

Health: -3/26      AC:  4    Str:  7    XL:     5   Next: 51%
Magic:  6/6        EV: 20    Int: 13    God:
Gold:   164        SH:  0    Dex: 20    Spells: 4/4 levels left

rFire   . . .        a - +2 shortbow
rCold   + . .        (shield currently unavailable)
rNeg    . . .        f - +2 robe {Will+}
rPois   .            (helmet restricted)
rElec   .            (no cloak)
rCorr   .            (gloves unavailable)
SInv    +            (boots unavailable)
Will    ++...        (no amulet)
Stlth   ++           k - ring of Ofapuhan {*Slow rC+ Will+ Int+2}
HPRegen 0.24/turn    (no ring)
MPRegen 0.10/turn

%: slow self (1%)
@: very quick
A: very small, no large weapons, unfitting armour, see invisible, speed 3
a: no special abilities


You were on level 5 of the Dungeon.
You visited 2 branches of the dungeon, and saw 6 of its levels.

You collected 241 gold pieces.
You spent 77 gold pieces at shops.


Innate Abilities, Weirdness & Mutations

You are very small and have problems with some larger weapons.
You are too small for most types of armour.
You have supernaturally acute eyesight. (SInv)
You cover ground extremely quickly. (Speed+++)


   Skills:
 - Level 2.0 Fighting
 + Level 5.5 Ranged Weapons
 - Level 5.4 Dodging
 - Level 1.5 Stealth


You had 4 spell levels left.
You didn't know any spells.
Your spell library was empty.

Inventory:

Hand Weapons
 a - a +2 shortbow (weapon)
Armour
 f - a +2 robe of willpower (worn)
Jewellery
 k - the ring of Ofapuhan (left hand) {*Slow rC+ Will+ Int+2}
   (You found it on level 4 of the Dungeon)

   [ring of willpower]

   Int+2:     It affects your intelligence (+2).
   rC+:       It protects you from cold.
   Will+:     It increases your willpower.
   *Slow:     It may slow you when you take damage.
Wands
 e - a wand of acid (8)
 h - a wand of flame (20)
Scrolls
 c - 2 scrolls of identify
 d - a scroll of teleportation {unknown}
Potions
 b - 2 potions of heal wounds
 g - a potion of cancellation
 i - a potion of magic {unknown}
 j - a potion of curing
 l - 2 potions of enlightenment {unknown}
 m - a potion of attraction {unknown}
 n - a potion of brilliance {unknown}

Dungeon Overview and Level Annotations

Branches:
Dungeon (5/15)             Temple (1/1) D:4

Altars:
Ashenzari
Fedhas
Kikubaaqudgha
Nemelex Xobeh
Qazlal
Ru
Sif Muna
Trog
Uskayaw
Vehumet
Xom
Yredelemnul
The Shining One

Shops:
D:2 [


Message History

An adder comes into view.
Enter note: You shoot an arrow.
The arrow barely misses the adder.
The adder hisses angrily.
You shoot an arrow. The arrow hits the adder!
You kill the adder!
You open the door.
There is an open door here.
You open the door.
There is an open door here.
There is an open door here.
Found 2 curare-tipped darts.
You open the door. 2 gnolls come into view.
The gnoll shouts!
You hear a shout! x2
A gnoll comes into view. It is wielding a +1 spear of flaming.
A gnoll comes into view. It is wielding a +0 spear.
You shoot an arrow. The arrow barely misses the gnoll.
The arrow hits the gnoll.
The gnoll is lightly wounded.
You shoot an arrow. The arrow hits the gnoll.
The gnoll is heavily wounded.
You shoot an arrow. The arrow closely misses the gnoll.
The gnoll completely misses you.
You shoot an arrow. The arrow hits the gnoll!
You kill the gnoll!
You shoot an arrow. The arrow barely misses the gnoll.
The gnoll hits you with a +0 whip.
You shoot an arrow. The arrow hits the gnoll.
The gnoll is lightly wounded.
The gnoll closely misses you. The gnoll barely misses you.
The gnoll closely misses you.
You shoot an arrow. The arrow hits the gnoll.
The gnoll is moderately wounded.
The gnoll hits you from afar with a +0 spear!
The gnoll completely misses you.
You shoot an arrow. The arrow hits the gnoll!
The gnoll is almost dead.
The gnoll closely misses you. The gnoll hits you with a +0 whip!
The gnoll hits you from afar with a +1 spear of flaming!
You die...

...#.[....'..#....#....#..## #..
...#......#..#....#....#..# #..
####......#########....#..# #..
.....................###..# ###
.....................#....##+##..
.....................#...........
.....................'...........
.....................#...........
................@g...#.#####.###.
#....#######....#'####+##.##.# ##
#....# #....#gg#.........#
'.####++ #....#..#.........# #.#
7..7 #....#..############## #.#
7..7 #....#..#.............
#.#7777.777#....#..#.............
#.'..7.7...'....#..+.............
#.'...7.7..'....# #.............


You could see 3 gnolls.

Vanquished Creatures
  A hound (D:4)
  A jelly (D:5)
  2 gnolls
  5 adders
  3 dart slugs (D:1)
  A ribbon worm (D:2)
  6 orcs (D:4)
  5 endoplasms
  3 giant cockroaches (D:2)
  2 goblins
  4 hobgoblins
  7 jackals
  6 kobolds
  A quokka (D:2)
  7 ball pythons
  8 bats
  5 frilled lizards
  2 rats
69 creatures vanquished.

Notes
Turn   | Place    | Note
-------+----------+-------------------------------------------
     0 | D:1      | qw the Spriggan Hunter began the quest for the Orb.
     0 | D:1      | Reached XP level 1. HP: 10/10 MP: 2/2
     0 | D:1      | 0 ||| qw: Version: 0.3-a-160-g6735b56
     0 | D:1      | 0 ||| qw: Game counter: 6536
     0 | D:1      | 0 ||| qw: Melee chars always use a shield: true
     0 | D:1      | 0 ||| qw: God list: Okawaru
     0 | D:1      | 0 ||| qw: Allow faded altars: false
     0 | D:1      | 0 ||| qw: Do Orc after clearing Dungeon:15 true
     0 | D:1      | 0 ||| qw: Do second Lair branch before Depths: true
     0 | D:1      | 0 ||| qw: Lair rune preference: random
     0 | D:1      | 0 ||| qw: Goals: Normal
     0 | D:1      | 0 ||| PLANNING D:1-11
    53 | D:1      | Reached skill level 3 in Dodging
   143 | D:1      | Reached XP level 2. HP: 14/14 MP: 3/3
   191 | D:1      | You fall into a shaft and drop 1 floor!
   220 | D:2      | 220 ||| DROPPING scroll of butterflies.
   223 | D:2      | 223 ||| FLEEEEING.
   224 | D:2      | 224 ||| FLEEEEING.
   225 | D:2      | 225 ||| FLEEEEING.
   226 | D:2      | 226 ||| FLEEEEING.
   227 | D:2      | 227 ||| FLEEEEING.
   228 | D:2      | 228 ||| STAIRDANCE
   346 | D:1      | Reached XP level 3. HP: 18/18 MP: 4/4
   609 | D:2      | 609 ||| STAIRDANCE
   615 | D:2      | 615 ||| STAIRDANCE
   698 | D:2      | Found Tiph's Antique Armour Shop.
   714 | D:2      | 714 ||| SHOPLISTING embroidered cloak (157 gold, have 86).
   714 | D:2      | 714 ||| BUYING glowing robe (77 gold).
   714 | D:2      | Bought a glowing robe for 77 gold pieces
   862 | D:2      | Found a faded altar of an unknown god.
   872 | D:2      | Reached XP level 4. HP: 22/22 MP: 5/5
  1023 | D:2      | 1023 ||| UPGRADING to +2 robe of willpower.
  1033 | D:2      | 1033 ||| DROPPING +0 robe.
  1034 | D:2      | 1034 ||| READING scroll labelled POBLUE CEQUAWA.
  1035 | D:2      | 1035 ||| READING scroll labelled YWUUN CYWNEDGHI.
  1136 | D:2      | 1136 ||| READING scroll labelled RYCEUW GOGUAKI.
  1179 | D:2      | 1179 ||| READING scroll labelled FYVUIX ZASOA.
  1195 | D:3      | 1195 ||| STAIRDANCE
  1199 | D:3      | 1199 ||| STAIRDANCE
  1203 | D:3      | 1203 ||| STAIRDANCE
  1369 | D:3      | Found a shimmering blue altar of Sif Muna.
  1980 | D:3      | 1980 ||| READING scroll labelled ACOEDO TECKI.
  1980 | D:3      | 1980 ||| ENCHANTING +0 shortbow.
  1981 | D:3      | 1981 ||| DRINKING 2 grey potions.
  1982 | D:3      | 1982 ||| DRINKING 2 bubbling inky potions.
  2043 | D:4      | Found a staircase to the Ecumenical Temple.
  2044 | D:4      | 2044 ||| PLANNING TEMPLE
  2044 | D:4      | 2044 ||| DRINKING 2 fizzy golden potions.
  2053 | Temple   | Entered the Ecumenical Temple
  2054 | Temple   | 2054 ||| PLANNING D:1-11
  2259 | D:4      | Identified the ring of Ofapuhan {*Slow rC+ Will+ Int+2}
  2287 | D:4      | Identified the flux talisman of Mezcal {rF- rCorr Int+8}
  2316 | D:4      | 2316 ||| READING scroll of enchant weapon.
  2316 | D:4      | 2316 ||| ENCHANTING +1 shortbow.
  2398 | D:4      | Found a broken altar of Ashenzari.
  3114 | D:4      | 3114 ||| UPGRADING to ring of Ofapuhan {*Slow rC+ Will+
                  | Int+2}.
  3115 | D:4      | 3115 ||| READING scroll labelled BOOCWE HUM.
  3116 | D:4      | 3116 ||| READING scroll labelled ERGHIO YFAIRCH.
  3116 | D:4      | 3116 ||| IDENTIFYING bubbling ruby potion
  3117 | D:4      | 3117 ||| DRINKING 2 yellow potions.
  3158 | D:4      | 3158 ||| DROPPING potion of berserk rage.
  3159 | D:4      | 3159 ||| DROPPING potion of lignification.
  3189 | D:5      | Entered Level 5 of the Dungeon
  3216 | D:5      | Reached XP level 5. HP: 26/26 MP: 6/6
  3533 | D:5      | Found an ancient bone altar of Kikubaaqudgha.
  3697 | D:5      | HP: 5/26 [gnoll/+0 whip (9)]
  3697 | D:5      | Slain by a gnoll

Levels and vault maps discovered:
D:1:      saegor_arrival_simple_e, layout_rooms
D:2:      layout_rooms, shapermc_ecumenical_altar_venn, serial_shops, shop,
          dreamdust_princess_bridge
D:3:      layout_basic, mainiacjoe_overflow_24_doors
D:4:      layout_loops_corners, mainiacjoe_overflow_alcove_2,
          minmay_temple_entry_glass, serial_co_window_serial,
          co_window_corner_a, co_window_of_opportunity_a, co_window_paths_a,
          co_window_paths_b, co_window_paths_b, co_window_corner_ca,
          co_window_of_opportunity_c, co_window_broadway_b, co_window_corner_b,
          co_window_4corner_a, co_window_4corner_b, glass_columns_b
D:5:      layout_gridville, nicolae_kikubaaqudgha_miasma_corner,
          grunt_dithmenos_shadows, kennysheep_generic_room_4
Temple:   eino_wide_crystal_templ

Skill      XL: |  1  2  3  4 |
---------------+-------------+-----
Dodging        | 3 4 5 |  5.4
Ranged Weapons | 5 |  5.5
Fighting       | 2 |  2.0
Stealth        | |  1.5

Action                     |  1- 3 |  4- 6 || total
---------------------------+-------+-------++-------
   Fire: Shortbow          |   109 |    71 ||   180
    Use: Scroll            |       |     8 ||     8
         Potion            |       |     4 ||     4
 Armour: Robe              |    14 |    12 ||    26
  Dodge: Dodged            |    47 |    30 ||    77

Table legend:
 A = Non-vault XP
 B = Vault XP
 C = Vault XP percentage of total XP
 D = Non-vault monster count
 E = Vault monster count
 F = Vault count percentage of total count
                 A         B        C        D         E       F
            +---------+---------+-------+---------+---------+-------
      Total |     290 |       0 |   0.0 |      69 |       0 |   0.0
            +---------+---------+-------+---------+---------+-------
        D:1 |      54 |       0 |   0.0 |      23 |       0 |   0.0
        D:2 |      52 |       0 |   0.0 |      25 |       0 |   0.0
        D:3 |       8 |       0 |   0.0 |       5 |       0 |   0.0
        D:4 |      80 |       0 |   0.0 |      11 |       0 |   0.0
        D:5 |      96 |       0 |   0.0 |       5 |       0 |   0.0
            +---------+---------+-------+---------+---------+-------
